Map: 2000 Atmospheres LE

Players

Scarlett - Winner!

  • Race: Zerg Zerg

MaSa

  • Race: Terran Terran

Event: DreamHack SC2 Masters 2021 Winter

VOD

Have the link to the VOD?

Description

Time

  • Played on: Oct. 5, 2021, 6:02 p.m.
  • Length: 12:23

All games in this series

Show
View Real Time Build Order
Export as new Build Order

Scarlett Zerg - Winner!

Build Orders: Hatch First, Lurkers 

Get SALT Encoding   

  12  0:00  Drone  
  13  0:12  Overlord  
  13  0:18  Drone  
  14  0:30  Drone x2  
  16  0:46  Hatchery  
  15  0:50  Drone  
  15  0:53  Drone  
  17  0:57  Drone  
  18  1:08  Extractor  
  17  1:12  Spawning Pool  
  17  1:16  Drone  
  17  1:19  Drone  
  18  1:29  Drone  
  19  1:39  Drone  
  20  1:50  Drone  
  21  1:59  Zergling x2  
  24  2:01  Queen x2  
  24  2:06  Overlord  
  26  2:12  Zergling x2  
  27  2:17  Metabolic Boost  
  27  2:26  Hatchery  
  25  2:30  Drone x2  
  27  2:40  Queen  
  27  2:41  Drone  
  30  2:47  Queen  
  32  2:53  Overlord  
  32  2:57  Drone x2  
  34  3:02  Drone  
  35  3:13  Drone x6  
  35  3:18  Overlord  
  41  3:35  Drone x2  
  41  3:37  Drone  
  44  3:43  Drone x6  
  44  3:45  Queen  
  44  3:47  Overlord  
  44  3:48  Queen  
  54  3:49  Drone  
  55  3:56  Drone x2  
  55  4:01  Zergling x2  
  58  4:08  Evolution Chamber  
  57  4:15  Drone x8  
  60  4:20  Drone  
  61  4:26  Queen  
  61  4:27  Drone x2  
  61  4:28  Extractor  
  61  4:30  Zergling x4  
  66  4:38  Overlord  
  66  4:40  Spore Crawler  
  66  4:41  Queen, Spore Crawler  
  66  4:42  Lair, Spore Crawler  
  65  4:47  Zergling x2  
  63  5:01  Drone x12  
  73  5:14  Drone, Overlord  
  74  5:18  Overlord  
  74  5:21  Baneling Nest  
  73  5:30  Drone x2  
  73  5:34  Drone x5  
  79  5:39  Drone  
  79  5:40  Drone x3  
  79  5:42  Queen  
  85  5:43  Overseer  
  85  5:44  Overseer  
  85  5:48  Drone, Hatchery  
  85  5:51  Extractor  
  85  5:52  Extractor  
  85  5:53  Overseer, Evolution Chamber  
  85  5:54  Evolution Chamber  
  85  5:56  Drone x2  
  82  5:58  Drone x3, Extractor  
  82  6:00  Drone x3  
  87  6:06  Zergling x4  
  87  6:08  Overlord  
  87  6:09  Overlord x3  
  89  6:16  Overlord x2  
  88  6:21  Zerg Ground Armor Level 1  
  88  6:26  Queen x2  
  88  6:29  Zerg Melee Weapons Level 1  
  92  6:33  Drone  
  92  6:34  Centrifugal Hooks  
  93  6:43  Overlord  
  93  6:44  Drone x11  
  104  6:50  Overlord  
  103  6:56  Drone  
  103  7:01  Zergling x16  
  106  7:02  Pneumatized Carapace  
  112  7:11  Zergling x12  
  118  7:16  Drone  
  118  7:17  Hatchery  
  118  7:20  Zergling x10  
  118  7:21  Hatchery  
  122  7:25  Zergling x2  
  123  7:34  Drone x5  
  123  7:36  Zergling x8  
  132  7:43  Zergling x4  
  134  7:48  Zergling x14  
  134  7:49  Baneling x9  
  134  7:51  Baneling x4  
  141  7:52  Baneling x11  
  141  7:53  Zergling x6  
  141  7:57  Overlord x4  
  144  8:01  Zergling x10  
  147  8:13  Zergling x12  
  152  8:20  Zergling x10  
  152  8:23  Zergling x4  
  152  8:24  Zergling x2, Queen  
  152  8:25  Queen x2  
  152  8:26  Baneling x10  
  161  8:31  Zergling x14  
  159  8:38  Zergling x2  
  159  8:39  Zergling x6  
  146  8:45  Zerg Ground Armor Level 2, Zerg Melee Weapons Level 2  
  146  8:48  Drone x4  
  150  8:49  Hydralisk Den  
  150  8:51  Infestation Pit  
  148  8:59  Drone x3, Extractor  
  148  9:00  Drone  
  148  9:01  Drone x7  
  158  9:03  Drone x3, Spore Crawler  
  158  9:04  Spore Crawler  
  158  9:06  Spore Crawler x2  
  158  9:08  Zergling x6  
  158  9:09  Zergling x4  
  161  9:34  Hive  
  161  9:35  Drone, Lurker Den  
  161  9:37  Drone x3, Extractor  
  161  9:38  Drone x3, Extractor  
  164  9:39  Drone x2, Zergling x2  
  164  9:40  Zergling x30  
  164  9:41  Baneling x10  
  183  9:46  Zergling x12  
  183  9:50  Zergling x2  
  183  9:51  Zergling x6  
  193  10:03  Baneling x7  
  193  10:04  Zergling x14  
  190  10:41  Zergling x18  
  190  10:42  Zergling x14  
  200  10:49  Adrenal Glands  
  200  10:50  Seismic Spines  
  200  10:55  Zergling x4  
  200  10:56  Baneling x12  
  189  11:05  Zergling x24  
  189  11:11  Zergling x26  
  184  11:23  Zergling x18  
  189  11:29  Hydralisk x10  
  176  11:40  Drone x3  
  176  11:41  Spore Crawler  
  173  11:55  Zergling x2, Lurker x9  
  173  11:56  Zergling x24  
  181  12:05  Zergling x16  
  181  12:06  Zergling x4  
  155  12:12  Lurker  
  158  12:18  Extractor  
  160  12:22  Hatchery  
Show
View Real Time Build Order
Export as new Build Order

MaSa Terran 

Build Orders: Reaper Expand, Hellion Banshee 

Get SALT Encoding   

  12  0:00  SCV  
  13  0:12  SCV  
  14  0:17  Supply Depot  
  14  0:24  SCV  
  15  0:38  SCV  
  15  0:39  Barracks  
  16  0:43  Refinery  
  16  0:50  SCV  
  17  1:02  SCV  
  18  1:14  SCV  
  19  1:26  Reaper  
  19  1:27  Orbital Command  
  20  1:41  Command Center  
  20  1:54  Supply Depot  
  20  1:55  SCV  
  20  2:00  Reaper  
  22  2:08  SCV, Bunker  
  23  2:14  Refinery  
  23  2:20  SCV  
  24  2:31  Factory  
  24  2:32  SCV  
  25  2:39  Barracks Reactor  
  25  2:44  SCV  
  26  2:56  SCV  
  26  2:58  Orbital Command  
  27  3:08  SCV  
  28  3:16  Starport  
  28  3:20  SCV  
  28  3:22  Hellion x2  
  28  3:25  SCV, Barracks Tech Lab  
  34  3:32  SCV  
  35  3:34  Supply Depot  
  35  3:37  SCV  
  36  3:43  Hellion x2  
  36  3:44  SCV  
  36  3:47  Supply Depot  
  41  3:49  SCV  
  42  3:55  Barracks Tech Lab  
  42  3:56  SCV  
  42  3:58  Cloaking Field, Banshee  
  42  4:01  SCV  
  47  4:06  Hellion x2  
  47  4:09  SCV  
  52  4:13  SCV  
  50  4:21  SCV  
  50  4:22  Stimpack, Marine  
  49  4:25  SCV  
  50  4:32  Command Center  
  50  4:33  SCV  
  50  4:37  Supply Depot, SCV  
  52  4:41  Banshee  
  52  4:42  Marine  
  52  4:45  Hellion  
  58  4:48  Hellion, SCV  
  58  4:50  SCV  
  56  5:00  SCV  
  56  5:01  Marine  
  56  5:02  SCV  
  56  5:05  Engineering Bay  
  57  5:07  Engineering Bay  
  57  5:13  SCV  
  58  5:14  Barracks  
  58  5:16  SCV  
  58  5:19  Refinery, Barracks  
  58  5:20  Factory Reactor  
  59  5:25  SCV  
  59  5:28  SCV  
  61  5:29  Marine  
  61  5:35  Terran Infantry Weapons Level 1, Terran Infantry Armor Level 1  
  62  5:37  SCV  
  62  5:38  Refinery, Starport Reactor  
  62  5:40  SCV  
  64  5:47  Marine  
  64  5:49  SCV, Orbital Command  
  66  5:52  SCV  
  67  5:59  Barracks  
  67  6:00  Barracks  
  67  6:01  Supply Depot, SCV  
  67  6:02  Marine x2  
  70  6:04  SCV  
  70  6:05  Marine  
  73  6:13  SCV, Siege Tank  
  73  6:14  Orbital Command  
  73  6:16  SCV  
  77  6:19  Marine x2  
  77  6:20  Marine  
  77  6:22  Marine  
  77  6:23  Medivac x2, Marine  
  77  6:25  SCV  
  87  6:28  SCV  
  88  6:35  Supply Depot  
  88  6:37  Supply Depot, Marine x3  
  88  6:39  Combat Shield  
  91  6:40  SCV  
  91  6:42  SCV  
  93  6:47  Supply Depot, Barracks Reactor  
  93  6:49  Supply Depot, Barracks Reactor  
  93  6:56  Marine x3  
  93  6:57  SCV, Siege Tank  
  93  6:59  Marine x2  
  102  7:07  Medivac x2  
  103  7:12  SCV  
  103  7:14  Marine x3  
  104  7:16  Marine x2  
  104  7:18  SCV  
  104  7:19  SCV  
  104  7:20  Barracks Reactor  
  104  7:21  Armory  
  108  7:24  SCV  
  108  7:25  Marine  
  108  7:29  Siege Tank  
  113  7:30  SCV  
  113  7:31  Marine  
  113  7:32  Marine x3  
  113  7:34  Marine x2  
  113  7:36  Barracks  
  120  7:39  Medivac, Barracks  
  120  7:40  Barracks  
  120  7:41  SCV  
  120  7:43  Marine  
  124  7:49  Marine  
  125  7:55  Supply Depot  
  125  7:56  Supply Depot  
  125  7:58  Supply Depot  
  125  8:01  Supply Depot  
  125  8:05  Marine  
  125  8:17  Marine x8  
  133  8:23  Marine  
  133  8:24  SCV x3  
  108  8:35  Marauder, Marine x7  
  108  8:40  Medivac, Marine  
  88  8:41  Medivac  
  88  8:47  Siege Tank  
  92  8:52  Marine x7  
  92  8:54  Terran Infantry Weapons Level 2, Terran Infantry Armor Level 2  
  92  8:55  Marine x3  
  102  8:56  Marauder  
  102  9:00  Marine  
  102  9:02  SCV  
  106  9:04  SCV  
  106  9:09  Supply Depot x2  
  107  9:10  Medivac, Marine x3  
  107  9:11  Medivac  
  107  9:14  Marine x5  
  107  9:15  Marine x2  
  121  9:17  Marine  
  121  9:18  Marine  
  122  9:28  Marine x3  
  125  9:32  Marine x5  
  125  9:33  Siege Tank, Marine x2  
  125  9:36  Marauder  
  137  9:39  Marine  
  138  9:45  Supply Depot  
  138  9:46  Supply Depot x2, Marine x3  
  138  9:48  Concussive Shells, Sensor Tower  
  138  9:49  Medivac  
  138  9:50  Marine x4  
  138  9:51  Medivac  
  138  9:52  Marine  
  150  9:55  Marine  
  150  9:57  Marauder  
  151  10:02  Marine x2  
  151  10:04  Marine  
  151  10:05  Supply Depot  
  145  10:07  Supply Depot  
  145  10:08  Marine x2  
  145  10:13  Siege Tank  
  150  10:14  Marine  
  150  10:18  Marauder  
  150  10:20  Marine x3  
  151  10:28  Marine  
  151  10:29  Marine x6  
  156  10:36  Marine  
  156  10:38  Marine x3  
  156  10:39  Marine  
  157  10:45  Siege Tank  
  157  10:46  Marine  
  157  10:47  Marine x4  
  157  10:48  Marine  
  156  10:51  Marine  
  156  10:54  Marine  
  158  10:58  Marauder  
  158  11:01  Marine x3  
  154  11:04  Marine  
  154  11:05  Marine x3  
  154  11:06  Marine x2  
  154  11:09  Marine  
  135  11:11  Marine  
  135  11:12  SCV  
  111  11:18  Marine  
  111  11:19  Marauder, Marine  
  104  11:26  Marine x3  
  98  11:33  Marine  
  93  11:48  Marine  
  93  11:50  Orbital Command  
  94  11:55  Marine  
  94  12:01  Marine  

Tags
 
Add a new tag
Caveats
  • Supply blocks, unpowered buildings, or Contaminate may cause inaccurate times.
  • Supply counts are checked every 10 seconds.